Map: Neon Violet Square LE

Players

Jbomb - Winner!

  • Race: Terran Terran
  • League: Platinum
  • Spawn Location: 11:00

Paradimez

  • Race: Terran Terran
  • League: Platinum
  • Spawn Location: 5:00

VOD

Have the link to the VOD?

Description

Time

  • Played on: Nov. 28, 2017, 5:51 p.m.
  • Length: 19:03
Show
View Real Time Build Order
Export as new Build Order

Jbomb Terran - Winner!

Build Orders: Command Center First (CC) 

Get SALT Encoding   

  12  0:00  SCV  
  13  0:13  SCV  
  14  0:19  Supply Depot  
  14  0:25  SCV  
  15  0:41  SCV  
  16  0:53  SCV  
  17  1:02  Command Center  
  17  1:13  Barracks  
  17  1:16  SCV  
  18  1:25  Refinery  
  18  1:33  SCV  
  18  1:36  Engineering Bay  
  19  1:46  SCV  
  20  2:05  Bunker  
  20  2:09  Orbital Command  
  20  2:15  Refinery, Marine  
  21  2:23  Refinery  
  21  2:33  Marine  
  21  2:34  SCV  
  23  2:45  Planetary Fortress  
  23  2:51  Marine  
  23  2:56  Missile Turret  
  24  3:02  Missile Turret  
  24  3:06  Missile Turret  
  24  3:18  Marine  
  25  3:21  SCV  
  25  3:22  SCV  
  27  3:34  SCV  
  28  3:36  Missile Turret  
  28  3:42  Supply Depot  
  28  3:44  Supply Depot  
  28  3:45  Barracks Tech Lab  
  28  3:57  Factory  
  28  3:58  Missile Turret  
  28  4:00  SCV  
  28  4:01  SCV  
  30  4:06  Marine  
  31  4:10  Stimpack  
  31  4:13  SCV  
  31  4:16  Hi-Sec Auto Tracking  
  32  4:24  Missile Turret  
  32  4:30  Missile Turret  
  32  4:40  Factory Tech Lab  
  32  4:43  Starport  
  32  4:47  SCV  
  32  4:52  Missile Turret  
  33  4:53  SCV  
  33  4:59  SCV  
  35  5:05  Missile Turret, SCV  
  35  5:15  Siege Tank  
  38  5:22  Liberator  
  38  5:25  SCV x2  
  40  5:30  Marine  
  41  5:37  SCV  
  41  5:38  SCV  
  46  5:49  Command Center  
  46  5:57  Missile Turret  
  46  6:00  SCV  
  47  6:07  Siege Tank  
  50  6:12  SCV  
  50  6:16  Armory  
  51  6:18  Terran Infantry Weapons Level 1  
  51  6:24  SCV  
  52  6:29  Starport Tech Lab  
  52  6:32  Marine  
  52  6:36  SCV  
  54  6:43  Starport  
  54  6:45  Starport  
  54  6:46  Starport  
  54  7:01  SCV, Siege Tank, Marine  
  58  7:04  Supply Depot  
  58  7:05  Supply Depot x2  
  59  7:11  Sensor Tower  
  59  7:18  Sensor Tower  
  59  7:27  Starport Tech Lab x2  
  59  7:28  Starport Tech Lab  
  59  7:32  Orbital Command  
  59  7:35  Refinery  
  56  8:13  Terran Infantry Armor Level 1  
  56  8:20  Fusion Core  
  56  8:22  Terran Ship Weapons Level 1  
  56  8:25  SCV  
  56  8:26  SCV  
  58  8:33  Refinery  
  58  8:37  SCV  
  58  8:38  SCV  
  60  8:50  SCV x2  
  60  8:54  Refinery  
  62  8:59  Siege Tank  
  62  9:02  SCV x2  
  67  9:08  Battlecruiser  
  73  9:14  SCV x2  
  75  9:30  Missile Turret  
  75  9:31  Missile Turret, SCV  
  76  9:37  Siege Tank  
  79  9:41  Battlecruiser  
  79  9:43  SCV  
  86  9:47  Battlecruiser  
  92  9:55  SCV  
  93  10:13  Supply Depot  
  93  10:14  Supply Depot  
  93  10:16  Supply Depot  
  93  10:17  Terran Vehicle And Ship Armor Level 1  
  93  10:18  Supply Depot, Weapon Refit  
  93  10:19  Supply Depot, Liberator  
  93  10:35  Battlecruiser, SCV, Marine  
  101  10:39  Supply Depot  
  101  10:41  Supply Depot  
  104  10:44  Supply Depot  
  104  10:47  SCV  
  105  10:53  Marine  
  106  11:10  Marine  
  107  11:28  Marine  
  106  11:39  Banshee x3  
  110  11:40  Banshee  
  110  11:42  Cloaking Field  
  110  11:46  Hyperflight Rotors, Marine  
  117  12:04  Marine  
  115  12:22  Banshee x4  
  127  13:06  Terran Ship Weapons Level 2  
  127  13:18  Battlecruiser  
  127  13:19  Battlecruiser x2  
  121  15:02  Battlecruiser x2  
  121  15:03  Battlecruiser x2  
  145  15:12  Barracks  
  145  15:14  Barracks  
  145  15:16  Barracks  
  145  15:22  Terran Vehicle And Ship Armor Level 2  
  145  15:35  SCV  
  146  15:47  SCV  
  147  15:59  SCV  
  147  16:01  Missile Turret  
  147  16:03  Missile Turret  
  148  16:05  Marine x3  
  148  16:07  Marine  
  148  16:11  Missile Turret, SCV  
  153  16:22  Marine  
  153  16:23  SCV, Marine x2  
  157  16:28  Supply Depot x2  
  157  16:29  Supply Depot  
  157  16:30  Supply Depot  
  157  16:44  Orbital Command  
  157  16:50  Medivac x4, Marine x4  
  157  16:51  Supply Depot  
  157  16:52  Supply Depot  
  169  17:07  Marine x4  
  173  17:20  Medivac  
  175  17:25  Marine x4  
  173  17:43  Marine  
Show
View Real Time Build Order
Export as new Build Order

Paradimez Terran 

Build Orders: MMM Bio 

Get SALT Encoding   

  12  0:01  SCV  
  13  0:13  SCV  
  14  0:20  Supply Depot  
  14  0:25  SCV  
  15  0:42  SCV  
  16  0:44  Refinery  
  16  0:48  Barracks  
  16  0:54  SCV  
  17  0:58  Refinery  
  17  1:06  SCV  
  18  1:18  SCV  
  19  1:35  Orbital Command  
  19  1:36  Reaper  
  20  1:44  Factory  
  20  1:57  Supply Depot  
  20  2:03  SCV  
  21  2:08  Reaper  
  21  2:15  SCV  
  23  2:27  SCV  
  23  2:28  Hellion  
  26  2:39  SCV  
  26  2:40  Reaper  
  26  2:42  Command Center  
  28  2:50  Hellion  
  31  2:51  SCV  
  31  2:56  Supply Depot  
  31  3:07  Starport  
  31  3:18  SCV  
  32  3:30  SCV  
  33  3:39  Factory Tech Lab  
  33  3:40  Barracks Reactor  
  33  3:42  SCV  
  34  3:54  SCV  
  33  3:56  Orbital Command  
  33  4:06  SCV  
  34  4:18  Cloaking Field, SCV, Banshee  
  34  4:22  SCV  
  39  4:28  Engineering Bay  
  39  4:30  SCV  
  40  4:32  Marine x2  
  40  4:34  Command Center, SCV, Factory Tech Lab  
  43  4:42  SCV  
  44  4:46  SCV  
  44  4:47  Supply Depot  
  44  4:50  Marine x2  
  47  4:54  Terran Infantry Weapons Level 1, SCV  
  47  4:56  Missile Turret  
  47  4:57  Missile Turret  
  47  4:59  SCV  
  49  5:09  SCV, Banshee  
  53  5:22  SCV x2  
  53  5:23  Barracks  
  53  5:25  Barracks  
  55  5:33  Engineering Bay  
  55  5:34  SCV  
  56  5:37  Supply Depot  
  56  5:42  Supply Depot  
  56  5:43  SCV  
  56  5:44  Marine x2  
  56  5:46  SCV  
  57  5:56  SCV  
  58  6:02  SCV  
  59  6:08  SCV  
  60  6:20  Factory Tech Lab  
  60  6:21  SCV x2, Starport Reactor  
  60  6:22  Barracks  
  60  6:23  Combat Shields  
  60  6:24  Stimpack  
  62  6:27  Orbital Command  
  62  6:33  SCV x2  
  62  6:34  Refinery  
  62  6:35  Refinery  
  62  6:39  Marine x2  
  68  6:40  Marauder x2  
  68  6:41  Siege Tank  
  68  6:43  Supply Depot  
  68  6:45  Supply Depot, SCV x2  
  75  6:52  Terran Infantry Armor Level 1  
  75  6:56  Armory  
  75  6:57  SCV x2  
  75  6:59  SCV  
  78  7:09  SCV x2  
  78  7:11  SCV, Marine x2  
  78  7:12  Command Center, Marine  
  84  7:21  SCV x2  
  83  7:23  Marine  
  83  7:26  Barracks Tech Lab, SCV  
  83  7:29  Marine  
  86  7:33  SCV x2  
  88  7:37  Medivac  
  88  7:38  SCV, Medivac  
  88  7:41  Marine  
  88  7:42  Marauder x2  
  98  7:45  SCV x2  
  98  7:49  Supply Depot  
  98  7:50  SCV  
  99  7:57  Supply Depot, SCV  
  99  7:58  SCV  
  97  8:05  SCV  
  97  8:10  SCV x2  
  97  8:12  Marine x3  
  97  8:18  SCV  
  97  8:19  Siege Tank, Marine x2  
  104  8:22  SCV  
  105  8:27  Barracks  
  105  8:28  Barracks  
  105  8:29  SCV, Barracks  
  105  8:30  SCV, Marine x3  
  105  8:34  SCV  
  111  8:36  Marine  
  111  8:37  Medivac x2  
  111  8:39  Terran Infantry Weapons Level 2  
  111  8:41  SCV, Terran Vehicle Weapons Level 1  
  116  8:47  SCV x2  
  119  8:53  SCV  
  119  8:54  Planetary Fortress  
  120  8:57  Marine  
  120  8:59  SCV x2  
  123  9:07  Marine x4  
  123  9:09  SCV  
  128  9:11  SCV x2  
  128  9:15  Marine  
  131  9:21  SCV  
  131  9:23  SCV x2  
  137  9:29  Barracks Reactor  
  137  9:30  Barracks Tech Lab  
  135  9:33  Refinery  
  135  9:35  Barracks Tech Lab, Refinery  
  134  9:41  SCV x3  
  134  9:42  SCV, Marine x2  
  134  9:43  Starport  
  134  9:45  Command Center  
  140  9:51  Terran Infantry Armor Level 2  
  140  10:11  Marine x5  
  140  10:12  SCV x4, Marine x3  
  140  10:13  Marauder  
  154  10:14  Supply Depot  
  154  10:19  Supply Depot  
  154  10:21  Supply Depot  
  154  10:24  Supply Depot, SCV x2  
  156  10:35  Marine x2  
  156  10:36  Marauder x3  
  156  10:40  Medivac x2, Marine x4  
  175  10:42  Siege Tank  
  175  10:45  Refinery  
  175  10:46  Refinery  
  175  10:49  Starport Reactor  
  175  10:50  Command Center  
  175  10:53  Marine  
  175  10:54  Marauder  
  175  10:55  Terran Vehicle And Ship Armor Level 1  
  178  10:57  Marine x3  
  178  10:58  Marauder, Marine x3  
  178  11:00  Terran Infantry Weapons Level 3  
  186  11:11  Marine  
  186  11:15  Marine x4  
  186  11:16  Marine x3  
  194  11:19  Marine  
  193  11:29  Marine  
  193  11:32  Marine x4  
  191  11:33  Marine x3  
  191  11:37  Marine  
  199  11:46  Missile Turret  
  198  11:55  Marine  
  198  11:56  Marine x2  
  199  12:19  Marine x3  
  199  12:20  Marine x2  
  195  12:32  Armory  
  191  12:49  Marine x5  
  191  12:51  Planetary Fortress  
  192  12:52  Command Center  
  189  13:00  Marine  
  189  13:01  Marine  
  191  13:13  Missile Turret  
  191  13:14  Refinery  
  191  13:15  Missile Turret  
  191  13:16  Missile Turret  
  191  13:18  Refinery, Marine x5  
  191  13:19  Marine x4  
  200  13:30  Barracks  
  200  13:31  Barracks  
  200  13:32  Barracks  
  200  13:33  Starport  
  196  13:46  Marine x3  
  196  13:47  Marine x5  
  193  14:06  Missile Turret  
  193  14:07  Missile Turret  
  193  14:09  Missile Turret  
  191  14:14  Missile Turret  
  185  14:18  Marine x3  
  185  14:19  Marine x6  
  185  14:22  Viking  
  182  14:30  Terran Infantry Armor Level 3  
  165  14:36  Marine x4  
  165  14:37  Marine x2  
  165  14:38  Marauder x3  
  172  14:42  SCV x5  
  176  14:54  SCV x2  
  175  15:05  Marine x6  
  181  15:07  Barracks Reactor  
  181  15:14  Barracks  
  181  15:15  Barracks  
  181  15:26  Marine x4  
  181  15:27  Marine  
  186  15:32  Orbital Command  
  186  15:43  Marine x3  
  186  15:44  Medivac  
  186  15:45  Medivac x3  
  197  16:14  Medivac  
  197  16:15  Medivac x3  
  197  16:16  Marine x4  
  197  16:17  Marine x3  
  189  16:27  Liberator x3  
  189  16:37  Command Center  
  189  16:39  Command Center  
  198  16:48  SCV  
  198  16:49  SCV  
  139  17:09  Marine x5  
  139  17:10  Marine x4  
  139  17:13  Marine x2  
  139  17:15  Viking  
  140  17:24  SCV x4  
  140  17:25  SCV x2  
  140  17:27  Viking, Marine x5  
  140  17:28  Marine x4  
  154  17:31  Marine x2  
  151  17:42  SCV x2  
  151  17:43  SCV x3  
  150  17:44  Marine  
  150  17:45  Marine x5  
  150  17:46  Marine x3  
  150  17:49  Marine x2  
  155  17:54  SCV  
  149  18:02  Marine x2  
  149  18:03  Marine x2  
  153  18:06  Marine x2  
  153  18:07  Marine x3  
  147  18:20  Marine x2  
  147  18:22  Marine x2  
  134  18:32  Marine x4  
  114  18:35  Marine  
  114  18:38  Marine x2  
  114  18:39  Marine  
  114  18:40  Marine  
Tags
 
Add a new tag
Caveats
  • Supply blocks, unpowered buildings, or Contaminate may cause inaccurate times.
  • Supply counts are checked every 10 seconds.